Map: Mementos EE

Players

BeBack

  • Race: Terran Terran
  • Spawn Location: 7:00

PhatBandit

  • Race: Terran Terran
  • Spawn Location: 9:00

Bearman

  • Race: Terran Terran
  • Spawn Location: 6:00

RIAmen

  • Race: Zerg Zerg
  • Spawn Location: 9:00

JackADev

  • Race: Protoss Protoss
  • Spawn Location: 3:00

Hellonobo

  • Race: Zerg Zerg
  • Spawn Location: 1:00

Platino

  • Race: Terran Terran
  • League: Gold
  • Spawn Location: 3:00

MrFercho

  • Race: Zerg Zerg
  • League: Silver
  • Spawn Location: 12:00

VOD

Have the link to the VOD?

Description

Time

  • Played on: May 20, 2020, 6:40 p.m.
  • Length: 13:34
Show
View Real Time Build Order
Export as new Build Order

BeBack Terran 

Build Orders: Command Center First (CC) 

Get SALT Encoding   

  12  0:39  SCV  
  13  0:51  SCV  
  13  0:52  Supply Depot  
  14  1:03  SCV  
  15  1:04  Command Center  
  15  1:37  SCV  
  15  1:39  Supply Depot  
  16  1:49  SCV  
  17  2:01  SCV  
  18  2:14  SCV  
  19  2:26  SCV  
  20  2:33  Refinery  
  20  2:34  Refinery  
  20  2:39  SCV  
  20  2:42  Refinery  
  21  2:46  Refinery  
  21  2:51  SCV  
  21  2:54  Barracks  
  21  2:56  Barracks  
  21  2:58  Barracks  
  21  3:02  SCV  
  21  3:03  SCV  
  23  3:14  SCV  
  23  3:15  SCV  
  25  3:27  SCV  
  26  4:00  Marine x2, Factory  
  26  4:01  Marine  
  29  4:05  SCV  
  30  4:13  Supply Depot  
  30  4:15  SCV  
  31  4:17  SCV  
  31  4:18  Marine x3  
  35  4:28  SCV  
  36  4:36  Marine x3  
  39  4:40  Command Center, SCV  
  40  4:45  Factory Tech Lab  
  40  5:08  Barracks  
  40  5:09  Barracks Reactor  
  40  5:18  Siege Tank  
  40  5:20  Barracks Reactor  
  40  5:21  Barracks Reactor  
  43  5:38  Orbital Command  
  43  5:43  SCV  
  44  5:55  SCV  
  45  6:21  Barracks Tech Lab  
  45  6:35  SCV  
  46  6:40  Factory Reactor  
  46  6:41  Engineering Bay  
  46  6:43  Combat Shield  
  47  6:47  SCV  
  47  6:59  SCV  
  48  7:11  SCV  
  40  7:23  SCV  
  41  7:32  Widow Mine x2  
  41  7:37  Marauder, Marine x3  
  44  7:38  Marine x3  
  50  7:44  Terran Infantry Weapons Level 1  
  50  7:51  Armory  
  50  7:53  Widow Mine x2  
  50  7:55  Marine x4  
  50  7:56  Marine x2  
  50  7:58  Marauder  
  58  8:13  Marine x5  
  58  8:14  Marine, Widow Mine x2  
  58  8:19  Marine  
  67  8:44  Missile Turret  
  64  9:06  Missile Turret  
  61  9:10  Marine  
  61  9:22  Marine  
  61  9:23  Marine  
  61  9:24  Marine  
  61  9:25  Marine  
  61  9:26  Marine  
  61  9:28  Marine  
  61  9:29  Widow Mine  
  61  9:31  Marauder  
  53  9:40  Marine  
  53  9:41  Marine  
  53  9:42  Marine  
  53  9:43  Marine x2  
  58  9:49  Missile Turret  
  58  9:54  Missile Turret  
  58  9:55  Orbital Command  
  58  10:10  Terran Vehicle Weapons Level 1  
  58  10:12  Supply Depot x2  
  58  10:13  Supply Depot  
  58  10:21  Marauder, Marine x2  
  58  10:22  Marine x4  
  58  10:26  Widow Mine x2  
  66  10:35  Supply Depot  
  66  10:36  Missile Turret, SCV  
  66  10:39  Marine x4  
  66  10:40  Marine x2  
  66  10:42  Marauder  
  75  10:47  Widow Mine  
  75  10:48  SCV, Widow Mine  
  80  10:57  Marine x6  
  80  11:03  Marauder  
  88  11:09  Widow Mine  
  86  11:15  Marine x5  
  86  11:17  Terran Infantry Weapons Level 2  
  91  11:20  Marine  
  91  11:24  Marine  
  93  11:31  Sensor Tower  
  93  11:32  Marine  
  93  11:33  Marine x4  
  93  11:38  Marine  
  99  11:42  Marine  
  99  11:46  Concussive Shells  
  100  11:50  Marine x2, SCV  
  100  11:51  Marine x3  
  106  11:56  Marine  
  106  12:00  Marine  
  108  12:02  SCV  
  109  12:16  Marine x6, SCV  
  109  12:18  Marine  
  117  12:24  Missile Turret  
  117  12:33  Marine x6  
  117  12:36  Marine  
  124  12:44  Supply Depot  
  124  12:47  Missile Turret  
  124  12:51  Marine x6  
  124  12:53  Marine  
  131  13:07  Supply Depot  
  131  13:09  Marine x5  
  136  13:30  Supply Depot  
Show
View Real Time Build Order
Export as new Build Order

PhatBandit Terran 

Build Orders:  

Get SALT Encoding   

  13  0:07  SCV  
  13  0:19  SCV  
  14  0:31  SCV  
  15  0:41  Supply Depot  
  15  0:53  Refinery  
  15  0:55  Refinery  
  15  1:03  SCV  
  16  1:11  Barracks  
  16  1:15  SCV  
  17  1:27  SCV  
  18  1:39  SCV  
  19  1:51  SCV  
  20  1:59  Supply Depot  
  20  2:03  SCV  
  20  2:08  Marine  
  23  2:15  SCV  
  23  2:26  Marine  
  23  2:27  SCV  
  25  2:34  Factory  
  25  2:39  SCV  
  25  2:44  Marine  
  27  3:01  Marine  
  28  3:19  Marine  
  29  3:26  Factory Reactor  
  29  3:29  Factory Tech Lab  
  29  3:37  Marine  
  29  3:39  Factory  
  30  3:55  Marine  
  31  4:34  Reaper  
  25  4:46  Supply Depot  
  24  4:55  Siege Tank  
  24  4:58  Factory Tech Lab  
  27  5:01  SCV  
  27  5:06  Reaper  
  29  5:13  SCV  
  30  5:15  Supply Depot  
  30  5:26  SCV  
  31  5:36  Siege Tank  
  31  5:38  Supply Depot, Marine, SCV  
  36  5:50  SCV  
  36  5:56  Marine  
  38  6:01  Supply Depot  
  38  6:14  Marine  
  39  6:24  Supply Depot  
  39  6:25  Command Center  
  39  6:46  Supply Depot  
  38  7:09  Supply Depot  
  38  7:14  Marine  
  39  7:27  Siege Tank  
  42  7:30  Cyclone  
  42  7:31  Marine  
  42  7:49  Marine  
  35  7:59  Cyclone  
  31  8:07  Marine  
  31  8:11  Cyclone  
  34  8:25  Marine, Engineering Bay, SCV  
  36  8:31  Cyclone  
  39  8:37  SCV  
  36  8:43  Cyclone  
  36  8:49  SCV  
  37  8:59  Missile Turret  
  37  9:01  SCV  
  37  9:03  Widow Mine  
  37  9:05  Missile Turret  
  37  9:08  Missile Turret  
  39  9:11  Missile Turret  
  39  9:13  Missile Turret  
  39  9:16  Missile Turret  
  36  9:20  Sensor Tower  
  36  9:33  Factory Tech Lab  
  36  9:48  Supply Depot  
  36  9:50  Supply Depot  
  31  10:10  SCV  
  34  10:16  Supply Depot  
  34  10:19  Supply Depot  
  34  10:22  Supply Depot  
  32  10:32  Supply Depot  
  32  10:56  Command Center  
  32  10:59  Barracks  
  32  11:04  Barracks  
  32  11:07  Supply Depot  
  32  11:29  Supply Depot  
  32  11:52  Supply Depot, Factory  
  32  11:58  Barracks Reactor x2  
  32  11:59  Factory  
  32  12:05  SCV  
  33  12:16  Supply Depot  
  33  12:17  Sensor Tower, SCV  
  34  12:25  SCV  
  36  12:30  SCV  
  36  12:33  Refinery  
  36  12:37  SCV  
  36  12:38  Refinery  
  36  12:42  SCV  
  36  12:44  Missile Turret  
  38  12:48  Missile Turret  
  38  12:53  Widow Mine  
  38  12:54  Widow Mine, SCV  
  39  13:16  Missile Turret  
Show
View Real Time Build Order
Export as new Build Order

Bearman Terran 

Build Orders:  

Get SALT Encoding   

  12  0:22  SCV  
  13  0:34  SCV  
  14  0:57  SCV  
  15  1:29  Supply Depot  
  15  1:44  Refinery  
  15  1:51  SCV  
  16  1:56  Barracks  
  16  2:03  SCV  
  17  2:15  SCV  
  18  2:27  SCV, Refinery  
  19  2:45  Supply Depot, Engineering Bay  
  19  2:47  Barracks Tech Lab  
  19  2:53  SCV  
  20  3:05  SCV  
  21  3:06  Marine  
  22  3:22  Supply Depot  
  22  3:23  Marine  
  22  3:25  Bunker  
  23  3:32  Orbital Command  
  23  3:39  Missile Turret  
  23  3:41  Marine  
  23  3:45  Missile Turret  
  24  3:51  Sensor Tower  
  24  3:56  Terran Infantry Weapons Level 1  
  24  3:59  Marine  
  25  4:05  Missile Turret  
  25  4:18  Factory  
  25  4:24  Marine  
  26  4:41  Marine  
  27  4:47  Command Center  
  27  4:59  Marine  
  28  5:01  Bunker  
  28  5:17  Marine  
  28  5:19  Factory Tech Lab  
  28  5:35  Marauder  
  27  5:51  Siege Tank  
  32  5:57  Marauder  
  32  6:07  Missile Turret  
  32  6:21  Starport  
  32  6:22  Planetary Fortress  
  32  6:29  Refinery  
  32  6:50  Missile Turret  
  32  6:56  Widow Mine  
  32  7:00  SCV  
  35  7:06  SCV  
  36  7:11  Armory  
  36  7:16  Marine  
  36  7:17  Widow Mine  
  39  7:34  Marine  
  40  7:40  Starport Tech Lab  
  40  7:49  Barracks  
  40  7:58  Terran Infantry Armor Level 1  
  40  8:11  Terran Vehicle And Ship Armor Level 1  
  40  8:18  Factory  
  40  8:25  Cyclone  
  43  8:38  Barracks  
  43  8:48  Medivac  
  45  8:57  Cyclone  
  48  9:09  Barracks Reactor  
  48  9:11  Concussive Shells  
  48  9:16  SCV  
  49  9:26  Barracks  
  49  9:28  SCV  
  50  9:40  SCV  
  50  9:42  Factory Tech Lab  
  51  9:46  Cyclone  
  51  9:52  SCV  
  55  9:54  Stimpack  
  55  10:02  Terran Infantry Weapons Level 2  
  55  10:04  SCV  
  56  10:14  Barracks  
  56  10:16  SCV  
  56  10:18  Cyclone  
  56  10:20  Refinery  
  60  10:25  Medivac  
  62  10:43  Supply Depot  
  62  10:55  Siege Tank, SCV  
  66  11:02  Barracks Reactor  
  66  11:04  Barracks Reactor  
  66  11:05  Supply Depot  
  66  11:07  Barracks Tech Lab  
  66  11:08  SCV  
  66  11:10  Marine x3  
  70  11:28  Marine x2, Siege Tank  
  70  11:29  Supply Depot  
  75  11:34  Combat Shield  
  75  11:35  Marauder  
  75  11:38  Marauder  
  79  11:40  Marine  
  79  11:42  Marine  
  79  11:44  Marine  
  79  11:46  Marine  
  83  11:55  SCV  
  83  11:57  Marauder  
  83  11:59  Marauder  
  88  12:07  SCV  
  89  12:18  Medivac  
  89  12:19  SCV  
  89  12:22  Marine x2  
  94  12:31  Marine x5  
  94  12:32  SCV  
  100  12:39  Supply Depot  
  100  12:44  SCV  
Show
View Real Time Build Order
Export as new Build Order

RIAmen Zerg 

Build Orders: Pool First 

Get SALT Encoding   

  12  0:45  Extractor  
  12  0:47  Extractor  
  10  0:52  Evolution Chamber  
  10  0:55  Drone x2  
  10  0:56  Drone  
  12  1:27  Spawning Pool  
  12  1:30  Pneumatized Carapace  
  11  1:34  Overlord  
  11  1:35  Drone x2  
  13  2:14  Zerg Melee Weapons Level 1  
  13  2:49  Hatchery  
  12  3:00  Drone  
  13  3:09  Zergling x2  
  14  3:16  Queen  
  16  3:29  Zergling x2  
  16  3:30  Zergling x2  
  18  3:42  Metabolic Boost  
  18  3:51  Roach Warren  
  17  4:06  Lair  
  17  4:08  Zerg Missile Weapons Level 1  
  17  4:19  Baneling Nest  
  17  4:21  Zergling x2  
  17  4:25  Zergling x2  
  18  4:31  Zergling x2  
  19  4:50  Lair  
  19  5:14  Baneling  
  19  5:15  Baneling  
  19  5:22  Drone x3  
  22  5:32  Roach  
  22  5:33  Zergling x2  
  18  6:29  Roach x5  
  18  6:30  Zergling x4  
  28  6:37  Overlord x2  
  28  6:38  Overlord  
  28  7:04  Glial Reconstitution  
  28  7:14  Drone  
  28  7:15  Drone x2  
  31  7:18  Zergling x4  
  31  7:22  Ravager  
  34  7:35  Ravager  
  35  7:59  Zergling x2  
  35  8:00  Zergling x8, Hydralisk Den  
  39  8:06  Baneling x2  
  39  8:12  Drone x3  
  37  8:27  Zergling x2  
  37  8:48  Infestation Pit  
  35  8:55  Ravager  
  36  9:02  Drone  
  37  9:04  Hydralisk  
  37  9:07  Hydralisk  
  41  9:32  Hydralisk x2  
  45  9:54  Lurker Den  
  44  10:14  Hydralisk  
  44  10:17  Overlord  
  46  10:40  Hydralisk  
  48  10:47  Drone  
  35  11:55  Baneling  
  35  11:56  Baneling x2  
  35  12:02  Hydralisk x4  
  35  12:07  Infestor  
  45  12:14  Drone  
  46  12:20  Drone  
  47  12:26  Ravager  
Show
View Real Time Build Order
Export as new Build Order

JackADev Protoss 

Build Orders:  

Get SALT Encoding   

  12  0:11  Assimilator  
  12  0:39  Pylon  
  12  0:53  Pylon  
  12  1:19  Pylon  
  12  1:25  Forge  
  12  1:56  Pylon  
  12  1:59  Pylon  
  12  2:02  Pylon  
  12  2:07  Pylon  
  12  2:14  Photon Cannon  
  12  2:19  Photon Cannon  
  12  2:45  Photon Cannon  
  12  3:03  Photon Cannon  
  12  3:22  Gateway  
  12  4:02  Nexus  
  12  4:29  Cybernetics Core  
  11  5:28  Pylon  
  11  5:34  Probe (Chrono Boost)  
  12  5:42  Stalker  
  14  5:44  Probe (Chrono Boost)  
  15  5:56  Photon Cannon  
  14  5:58  Photon Cannon  
  11  6:59  Pylon  
  11  7:08  Shield Battery  
  11  7:22  Stargate  
  11  7:41  Photon Cannon  
  11  7:44  Photon Cannon  
  10  8:07  Probe  
  11  8:19  Probe  
  12  8:32  Probe  
  11  9:13  Nexus  
  11  9:41  Pylon  
  11  9:52  Probe (Chrono Boost)  
  12  10:02  Probe (Chrono Boost)  
  13  10:07  Probe (Chrono Boost)  
  14  10:19  Probe  
  14  10:25  Probe  
  15  10:37  Probe (Chrono Boost)  
  16  10:49  Probe (Chrono Boost)  
  17  10:54  Probe (Chrono Boost)  
  18  10:59  Pylon  
  18  11:04  Probe  
  19  11:16  Probe  
  20  11:19  Photon Cannon  
  20  11:23  Shield Battery  
  19  11:33  Photon Cannon  
  19  11:35  Photon Cannon  
  19  11:42  Probe  
  20  11:53  Void Ray  
  25  11:54  Probe (Chrono Boost)  
  25  12:06  Probe (Chrono Boost)  
  26  12:12  Probe (Chrono Boost)  
  27  12:17  Pylon  
  27  12:26  Pylon  
  27  12:27  Probe  
  28  12:39  Probe  
  29  12:48  Photon Cannon  
  29  12:52  Probe  
  30  13:04  Probe  
  30  13:05  Robotics Facility  
  28  13:28  Photon Cannon  
Show
View Real Time Build Order
Export as new Build Order

Hellonobo Zerg 

Build Orders: Pool First 

Get SALT Encoding   

  12  0:05  Drone  
  13  0:13  Overlord  
  13  0:26  Evolution Chamber  
  13  0:27  Drone  
  13  0:41  Drone  
  13  0:42  Drone  
  15  0:45  Drone  
  16  1:00  Spawning Pool, Drone  
  16  1:08  Drone  
  17  1:23  Drone  
  18  1:31  Extractor, Drone  
  18  1:38  Extractor, Drone  
  18  1:47  Queen  
  18  1:50  Zergling x2  
  21  2:20  Zergling x4, Hatchery  
  22  2:24  Overlord  
  22  2:39  Overlord  
  22  3:02  Zergling x10  
  27  3:11  Drone  
  28  3:27  Spine Crawler  
  24  3:56  Drone x3  
  24  3:58  Queen  
  24  3:59  Drone x2  
  24  4:00  Drone  
  32  4:17  Baneling Nest  
  32  4:18  Extractor  
  32  4:20  Extractor  
  32  4:23  Drone x2  
  26  5:26  Drone x3  
  29  5:31  Zergling x6  
  32  5:42  Spine Crawler  
  31  5:50  Roach Warren  
  30  5:58  Lair  
  30  5:59  Drone x4  
  34  6:04  Zergling x2  
  34  6:05  Zergling x4  
  34  6:09  Metabolic Boost  
  37  6:19  Zerg Ground Armor Level 1  
  37  6:33  Spore Crawler  
  37  6:38  Spore Crawler  
  35  6:44  Drone x3  
  38  6:53  Drone x2  
  38  6:54  Drone  
  41  7:02  Pneumatized Carapace  
  41  7:18  Spire  
  40  7:23  Hydralisk Den, Drone x5  
  44  7:40  Nydus Network  
  44  7:42  Drone  
  44  7:49  Overlord x2  
  44  8:00  Overlord x3  
  44  8:01  Overlord x2  
  44  8:13  Drone x2, Infestation Pit  
  44  8:14  Drone x2  
  46  8:51  Infestation Pit  
  43  9:13  Mutalisk x2  
  43  9:14  Mutalisk x4  
  55  9:23  Zerg Flyer Armor Level 1  
  55  9:25  Hive  
  55  9:37  Spine Crawler  
  55  9:38  Drone x2  
  56  9:44  Spine Crawler  
  55  9:48  Drone  
  55  9:49  Drone x3  
  55  9:50  Spore Crawler  
  55  10:24  Mutalisk x3  
  61  10:34  Spore Crawler  
  60  10:38  Spore Crawler  
  59  10:50  Spore Crawler  
  59  10:54  Mutalisk x2  
  59  10:57  Spore Crawler  
  61  10:58  Mutalisk  
  61  10:59  Mutalisk x2  
  67  11:17  Mutalisk x2  
  71  11:21  Mutalisk x2  
  75  11:29  Greater Spire  
  75  11:37  Drone x2  
  77  12:14  Mutalisk x3  
Show
View Real Time Build Order
Export as new Build Order

Platino Terran 

Build Orders:  

Get SALT Encoding   

  12  0:39  Supply Depot  
  12  0:50  Command Center  
  12  0:51  SCV  
  13  1:17  Barracks  
  13  1:18  SCV  
  14  1:24  Refinery  
  14  1:36  SCV, Refinery  
  15  1:48  SCV  
  16  2:00  SCV  
  17  2:06  Bunker, Marine  
  18  2:12  Bunker  
  18  2:22  SCV  
  19  2:23  SCV  
  19  2:24  Marine  
  21  2:42  Marine  
  22  2:47  Factory  
  22  2:55  Orbital Command  
  22  2:56  SCV  
  23  3:07  Engineering Bay  
  23  3:16  Barracks Reactor  
  23  3:24  SCV  
  23  3:25  SCV  
  25  3:35  Factory Tech Lab  
  25  3:36  SCV  
  25  3:38  Bunker  
  26  3:50  Starport  
  26  3:54  SCV  
  27  3:57  SCV, Refinery  
  27  4:02  Siege Tank, Refinery  
  31  4:05  Marine  
  32  4:13  Missile Turret  
  32  4:20  Marine  
  33  4:24  Missile Turret  
  33  4:26  Marine  
  33  4:29  Starport Reactor  
  34  4:32  Starport  
  34  4:36  SCV  
  35  4:46  Siege Tank  
  38  4:57  Supply Depot  
  38  4:59  Orbital Command  
  38  5:18  Marine x2  
  40  5:32  Sensor Tower  
  40  5:34  Viking x2  
  44  5:36  Starport Reactor, Marine  
  44  5:39  Supply Depot  
  45  5:43  SCV  
  46  5:51  Armory  
  46  6:05  Siege Tank  
  49  6:18  Viking x2  
  53  6:46  Viking, Missile Turret  
  55  6:47  Viking  
  55  6:50  Smart Servos  
  53  7:47  Viking x2  
  53  7:48  Viking x2  
  57  7:56  Missile Turret  
  57  8:30  Viking x2  
  61  9:09  Viking x2  
  62  9:16  Viking  
  46  9:17  Viking  
  46  9:21  Marine x2  
  50  9:33  Bunker  
  50  9:39  Marine x2  
  52  9:46  Terran Ship Weapons Level 1  
  52  9:49  Armory  
  52  9:57  Marine  
  53  10:07  Command Center  
  53  10:44  Command Center  
  53  10:46  Marine x2  
  53  10:48  Viking x2  
  53  10:49  Viking  
  61  10:56  Viking  
  63  10:57  Supply Depot  
  63  10:58  Terran Vehicle And Ship Armor Level 1  
  63  11:02  Supply Depot  
  63  11:04  Marine x2  
  64  11:07  Ghost Academy  
  54  11:42  Viking x2  
  54  11:43  Viking x2  
  60  11:56  Planetary Fortress  
  60  11:59  Missile Turret  
  60  12:05  Hi-Sec Auto Tracking  
  60  12:07  SCV  
  61  12:12  Viking x2  
  65  12:19  SCV  
  65  12:20  Fusion Core  
  65  12:21  Missile Turret  
  66  12:26  SCV  
  67  12:31  SCV  
  68  12:38  SCV  
  68  12:43  SCV  
  70  12:55  SCV  
  71  13:01  Barracks Tech Lab  
  71  13:08  SCV  
  66  13:20  SCV  
Show
View Real Time Build Order
Export as new Build Order

MrFercho Zerg 

Build Orders: Pool First 

Get SALT Encoding   

  12  0:03  Drone  
  13  0:13  Overlord  
  13  0:29  Drone  
  13  0:33  Extractor  
  13  0:35  Extractor, Drone x2  
  14  0:41  Drone  
  15  0:52  Drone  
  16  1:01  Spawning Pool  
  16  1:03  Drone  
  16  1:19  Drone  
  17  1:27  Drone  
  18  1:38  Drone  
  19  1:49  Metabolic Boost  
  19  1:53  Zergling x2  
  20  2:05  Zergling x2  
  21  2:49  Drone  
  22  2:54  Overlord x2  
  21  3:12  Queen  
  23  3:53  Lair  
  23  3:57  Drone x2  
  23  3:58  Drone  
  25  4:36  Zergling x2  
  25  4:37  Zergling x8  
  30  4:54  Spire  
  29  5:11  Drone  
  29  5:12  Drone  
  31  5:15  Drone  
  32  5:24  Hatchery  
  31  5:29  Extractor  
  31  5:31  Extractor  
  24  6:25  Hatchery  
  23  6:27  Hatchery  
  22  6:35  Mutalisk x6  
  34  6:41  Zerg Flyer Armor Level 1  
  34  6:46  Spire  
  33  6:49  Drone x2  
  33  6:52  Queen  
  37  7:00  Infestation Pit  
  32  8:23  Mutalisk x7  
  32  8:24  Mutalisk x3  
  44  9:11  Mutalisk  
  44  9:12  Mutalisk x2  
  50  9:26  Drone x3  
  43  10:33  Mutalisk  
  43  10:34  Mutalisk x5  
  55  10:37  Drone  
  55  10:41  Overlord x4  
  40  11:25  Pneumatized Carapace  
  40  11:29  Burrow  
  40  11:35  Mutalisk x6  
  40  12:17  Zergling x20  
  40  12:20  Overseer  
  40  12:21  Overseer  
  50  12:46  Overseer x2  
  50  12:56  Mutalisk x5  
Tags
 
Add a new tag
Caveats
  • Supply blocks, unpowered buildings, or Contaminate may cause inaccurate times.
  • Supply counts are checked every 10 seconds.